 Dungeon Crawl Stone Soup version 0.21-a0-157-gb89e0e2 (webtiles) character file.

4 Goblin1989 the Sneak (level 1, -1/10 HPs)
             Began as a Spriggan Assassin on Aug 4, 2017.
             Slain by a hound (4 damage)
             ... on level 4 of the Dungeon.
             The game lasted 00:04:56 (679 turns).

Goblin1989 the Sneak (Spriggan Assassin)             Turns: 679, Time: 00:04:57

Health: -1/10      AC:  3    Str:  7    XL:     1   Next: 58%
Magic:  2/2        EV: 16    Int: 12    God:
Gold:   10         SH:  0    Dex: 17    Spells: 0/0 levels left

rFire    . . .     SeeInvis +   a - +2 dagger
rCold    . . .     Gourm    .   (shield restricted)
rNeg     . . .     Faith    .   c - +0 robe
rPois    .         Spirit   .   (helmet restricted)
rElec    .         Reflect  .   d - +0 cloak
rCorr    .         Harm     .   (gloves unavailable)
MR       .....                  (boots unavailable)
Stlth    +++.......             (no amulet)
HPRegen  0.03/turn              (no ring)
MPRegen  0.08/turn              (no ring)

@: drained, very quick
A: unfitting armour, see invisible, herbivore 3, speed 3, slow metabolism 2
a: no special abilities


You were on level 4 of the Dungeon.
You were not hungry.

You visited 1 branch of the dungeon, and saw 4 of its levels.

You collected 10 gold pieces.

Inventory:

Hand Weapons
 a - a +2 dagger (weapon)
 w - a +0 blowgun {@w1}
 F - a +0 dagger
 O - a +0 hand axe
Missiles
 f - 2 curare-tipped needles
 g - 8 poisoned needles
 y - 21 arrows
 z - 17 sling bullets
 D - 72 stones (quivered)
Armour
 c - a +0 robe (worn)
 d - a +0 cloak (worn)
 B - a +0 cloak
 H - a +0 scale mail
 N - a +0 leather armour
Scrolls
 x - a scroll of remove curse {unknown}
 C - 2 scrolls of random uselessness {unknown}
 I - a scroll of identify {unknown}
 K - a scroll of amnesia {unknown}
 P - a scroll of teleportation {unknown}
Potions
 E - 3 potions of curing {unknown}
 G - a potion of might {unknown}
 L - a potion of heal wounds {unknown}
 M - a potion of brilliance {unknown}
Books
 Q - a book of Maledictions

   Spells                             Type                      Level
   a - Corona                         Hexes                        1
   b - Ensorcelled Hibernation        Hexes/Ice                    2
   c - Confuse                        Hexes                        3
   d - Tukima's Dance                 Hexes                        3
   e - Dazzling Spray                 Conjuration/Hexes            3
Comestibles
 e - 3 bread rations {@e1}
 A - a meat ration {@e2}
 J - 2 royal jellies


   Skills:
 - Level 1.5(1.4) Fighting
 - Level 2.1(2.0) Short Blades
 - Level 2.0(1.8) Throwing
 - Level 1.5(1.3) Dodging
 + Level 6.3(6.1) Stealth


You couldn't memorise any spells.
You didn't know any spells.

Dungeon Overview and Level Annotations

Branches:
Dungeon (4/15)
 Temple: D:4-7

Altars:

Annotations:
D:3 exclusion: Sigmund, Sigmund


Innate Abilities, Weirdness & Mutations

You are very small and have problems with some larger weapons.
You are too small for most types of armour.
You have supernaturally acute eyesight. (SInv)
You are a herbivore.
You cover ground extremely quickly.
You need consume almost no food.


Message History

You now have 10 gold pieces.
You see here 11 stones.
D - 34 stones (gained 11)
Things that are here:
a green potion; a scroll labeled WAIQUS JIJI
K - a scroll labeled WAIQUS JIJI;
L - a green potion
Found a stone staircase leading down.
A rat comes into view.
Found an escape hatch in the floor.
You see here 13 stones.
D - 47 stones (gained 13)
You see here a bread ration {@e1}.
e - 3 bread rations {@e1} (gained 1)
Found a stone staircase leading up.
You see here a red potion.
E - 2 red potions (gained 1)
There is a stone staircase leading down here.
You climb downwards.
Marking area around Sigmund as unsafe for travelling.
Sigmund the Dreaded comes into view.
He is wielding a scythe.
Found a stone staircase leading up.
There is a stone staircase leading up here.
Unknown command.
Really walk into a travel-excluded area? [Y]es or [N]o only, please.
Really walk into a travel-excluded area?
You see here a sapphire potion.
M - a sapphire potion A rat comes into view.
The helpless rat fails to defend itself.
You impale the rat!!
You kill the rat!
You see here a rat corpse.
You see here 25 stones.
D - 72 stones (gained 25)
Found a stone staircase leading down.
There is a stone staircase leading down here.
You climb downwards.
There is a stone staircase leading up here.
You see here a royal jelly.
J - 2 royal jellies (gained 1)
An ogre comes into view. It is wielding a giant club.
There is a stone staircase leading up here.
The ogre shouts!
You open the door.
A hound comes into view.
There is an open door here.
You open the door.
There is an open door here.
You open the door.
There is an open door here.
Found an escape hatch in the ceiling.
You see here a leather armour.
N - a leather armour You open the door.
There is an open door here.
You see here a hand axe.
O - a hand axe You open the door.
There is an open door here.
You close the door.
You enter a teleport trap!
The teleport trap disappears.
Your surroundings suddenly seem different.
Found an escape hatch in the floor.
You see here a scroll labeled VOLISE ZIBOYL.
P - a scroll labeled VOLISE ZIBOYL You open the door.
A hound comes into view.
The hound barks!
Found a stone staircase leading down.
There is an open door here.
You hit the hound.
The hound is lightly wounded.
The hound bites you.
You take 2 damage, and have 8/10 hp.
The hound bites you.
* * * LOW HITPOINT WARNING * * *
You take 4 damage, and have 4/10 hp.
MASSIVE DAMAGE!!
You open the door. The hound bites you but does no damage.
Found a stone staircase leading down.
There is an open door here.
There is a stone staircase leading down here.
The hound completely misses you.
The hound pauses to sniff the ground.
There is a stone staircase leading down here.
There is an open door here.
There is a stone staircase leading down here.
You see here a book of Maledictions.
Q - a book of Maledictions The hound bites you.
* * * LOW HITPOINT WARNING * * *
You take 2 damage, and have 3/10 hp.
You open the door. The hound completely misses you.
There is an open door here.
There is an open door here.
You see here a red potion.
E - 3 red potions (gained 1)
The hound bites you.
You die...

█...>.███▲███ █.....█
▲.....▲
████████.....█████
█............█...███
█............█.....█
█............█.....█
█............∆.....█
█............█.@████
██....█████∆██h.████.
█....█....>..........
█....█...............
███....██∆██.███.███...
..██████..██.█ █.█ ..
.......>..█... ... .
..........█.......█
..........█.... ..█


You could see a hound.

Vanquished Creatures
  A leopard gecko (D:1)
  A goblin (D:1)
  2 rats
4 creatures vanquished.

Notes
Turn   | Place    | Note
-------+----------+-------------------------------------------
     0 | D:1      | Goblin1989 the Spriggan Assassin began the quest for the Orb.
     0 | D:1      | Reached XP level 1. HP: 10/10 MP: 2/2
   137 | D:1      | Reached skill level 6 in Stealth
   462 | D:3      | Noticed Sigmund
   543 | D:4      | Noticed an ogre
   563 | D:4      | Noticed a hound
   636 | D:4      | Noticed a hound
   679 | D:4      | Slain by a hound

Vault maps used:
D:1:      saegor_arrival_simple_c
D:2:      first_bread, uniq_crazy_yiuf_cottage
D:3:      tgw_trog, minmay_misc_feat_ornament, minmay_misc_feat_secret_circle,
          uniq_sigmund
D:4:      minmay_temple_entry_from_below_a, serial_shops, shop,
          grunt_gozag_breadcrumbs

Skill      XL: |  1 |
---------------+----+-----
Stealth        | 6 |  6.3
Fighting       | |  1.5
Short Blades   | |  2.1
Throwing       | |  2.0
Dodging        | |  1.5

Action                   || total
-------------------------++-------
Melee: Dagger            ||     8
 Stab: Sleeping          ||     2
       Distracted        ||     1
Armor: Robe              ||    10
Dodge: Dodged            ||    51

Vault maps used:
D:1:      saegor_arrival_simple_c
D:2:      first_bread, uniq_crazy_yiuf_cottage
D:3:      tgw_trog, minmay_misc_feat_ornament, minmay_misc_feat_secret_circle,
          uniq_sigmund
D:4:      minmay_temple_entry_from_below_a, serial_shops, shop,
          grunt_gozag_breadcrumbs
